 Dungeon Crawl Stone Soup version 0.18.1-6-gd335043 (webtiles) character file.

176 Perunarutto the Covert (level 5, 0/26 HPs)
             Began as a Spriggan Assassin on May 17, 2016.
             Was a Follower of Nemelex Xobeh.
             Slain by an orc wizard
             ... wielding a +0 dagger
              (2 damage)
             ... while paralysed by Grinder
             ... on level 3 of the Dungeon.
             The game lasted 00:24:59 (2274 turns).

Perunarutto the Covert (Spriggan Assassin)          Turns: 2274, Time: 00:24:59

Health: 0/26       AC:  3    Str: 12    XL:     5   Next: 30%
Magic:  6/6        EV:  4    Int: 13    God:    Nemelex Xobeh [*.....]
Gold:   139        SH:  0    Dex: 18    Spells: 0 memorised, 4 levels left

rFire  . . .     SeeInvis +     a - +2 dagger
rCold  . . .     Gourm    .     c - +0 robe
rNeg   . . .     Faith    .     (shield restricted)
rPois  .         Spirit   .     (helmet restricted)
rElec  .         Dismiss  .     d - +0 cloak
rCorr  .         Reflect  .     (gloves unavailable)
SustAt .         Harm     .     (boots unavailable)
MR     .....                    (no amulet)
Stlth  ++++......               (no ring)
                                (no ring)

@: paralysed, mighty, very quick, not resistant to hostile enchantments,
stealthy
A: unfitting armour, see invisible, herbivore 3, speed 3, slow metabolism 2
a: Renounce Religion


You were on level 3 of the Dungeon.
You worshipped Nemelex Xobeh.
Nemelex Xobeh was aware of your devotion.
You were not hungry.

You visited 1 branch of the dungeon, and saw 3 of its levels.

You collected 139 gold pieces.

Inventory:

Hand Weapons
 a - a +2 dagger (weapon)
 b - a +0 blowgun
 m - a +0 hunting sling
Missiles
 e - 5 poisoned needles
 f - 2 curare-tipped needles
 n - 30 sling bullets
Armour
 c - a +0 robe (worn)
 d - a +0 cloak (worn)
Scrolls
 k - 2 scrolls of teleportation
 l - a scroll of magic mapping
Potions
 h - a potion of lignification
 i - a potion of ambrosia
 p - a potion of curing {unknown}
Miscellaneous
 j - a plain deck of war {drawn: 5}
Comestibles
 g - 6 bread rations
 q - a slice of pizza


   Skills:
 + Level 1.8 Fighting
 + Level 3.1 Short Blades
 + Level 2.9 Throwing
 + Level 2.8 Dodging
 + Level 8.0 Stealth
 + Level 1.0 Evocations


You had 4 spell levels left.
You didn't know any spells.

Dungeon Overview and Level Annotations

Branches:
Dungeon (3/15)

Altars:
Cheibriados
Nemelex Xobeh
The Shining One

Annotations:
D:3 Grinder


Innate Abilities, Weirdness & Mutations

You are tiny and cannot use many weapons and most armour.
You have supernaturally acute eyesight.
You are a herbivore.
You cover ground extremely quickly.
You need consume almost no food.


Message History

The orc wizard is heavily wounded.
The orc wizard misses you. The orc misses you.
You closely miss the orc wizard.
The orc wizard is heavily wounded.
Grinder completely misses you. The orc wizard barely misses you.
The orc misses you.
You hit the orc wizard.
The orc wizard is almost dead.
Grinder gestures at you.
You suddenly lose the ability to move!
The orc wizard hits you with a dagger. The orc hits you with a short sword.
Grinder gestures at you. Pain shoots through your body!
The orc wizard hits you with a dagger. The orc hits you with a short sword.
* * * LOW HITPOINT WARNING * * *
Grinder blinks!
The orc wizard hits you with a dagger.
* * * LOW HITPOINT WARNING * * *
The orc hits you but does no damage. The orc wizard hits you with a dagger.
You die...
Your body disappears without a glow.

... .....................†..#.#
#.# #####.......########..###.##
#.# #..)..#.# ##.# #.#. #.#
#..[..#.#########.###.#. #.#
##....#.#...............
#.#############.#.#######.###.##
##..(.o).##.<....#.#######..##.##
5.(..(..§..(..)oo................
########.##.##..@..########..#.##
#.##.##.....#########.#.#
#.##.##.....'...........##
#.##.##.....########.#..#.
#^##......5.# #.#..#.
#.##........# #......
#.##.....#### #...... #.##.....#
#...... #....##### #......


You could see Grinder, an orc wizard (invisible) and an orc.

Vanquished Creatures
  A crimson imp (D:3)
  3 gnolls (D:2)
  3 adders
  2 worms (D:2)
  2 dart slugs
  3 giant geckos
  4 orcs (D:3)
  4 bats
  2 giant cockroaches
  10 hobgoblins
  5 kobolds
  A quokka (D:2)
  A giant newt (D:2)
  10 goblins
  9 rats
60 creatures vanquished.

Vanquished Creatures (collateral kills)
  A gnoll (D:2)
1 creature vanquished.

Grand Total: 61 creatures vanquished

Notes
Turn   | Place    | Note
--------------------------------------------------------------
     0 | D:1      | Perunarutto the Spriggan Assassin began the quest for the Orb.
     0 | D:1      | Reached XP level 1. HP: 10/10 MP: 2/2
    38 | D:1      | Reached skill level 6 in Stealth
   265 | D:1      | Reached XP level 2. HP: 14/14 MP: 3/3
   552 | D:2      | Found a faded altar to an unknown god.
   563 | D:2      | Became a worshipper of Nemelex Xobeh the Trickster
   563 | D:2      | Received a gift from Nemelex Xobeh
   563 | D:2      | Reached * piety under Nemelex Xobeh
   672 | D:2      | Reached XP level 3. HP: 7/18 MP: 4/4
   891 | D:2      | Reached skill level 7 in Stealth
   905 | D:2      | Reached XP level 4. HP: 8/23 MP: 5/5
  1210 | D:2      | Found a glowing golden altar of the Shining One.
  1504 | D:2      | Reached skill level 1 in Evocations
  1894 | D:3      | Reached XP level 5. HP: 26/26 MP: 6/6
  2131 | D:3      | Found a snail-covered altar of Cheibriados.
  2143 | D:3      | Reached skill level 8 in Stealth
  2221 | D:3      | Noticed Grinder
  2259 | D:3      | Paralysed by Grinder for 5 turns
  2271 | D:3      | Paralysed by Grinder for 4 turns
  2274 | D:3      | Slain by an orc wizard

Skill      XL: |  1  2  3  4  5 |
---------------+----------------+-----
Stealth        | 6 7 8 |  8.0
Evocations     | 1 |  1.0
Dodging        | 2 |  2.8
Short Blades   | 3 |  3.1
Fighting       | |  1.8
Throwing       | |  2.9

Action                   |  1- 3 |  4- 6 || total
-------------------------+-------+-------++-------
Melee: Dagger            |    56 |   100 ||   156
 Fire: Blowgun           |     9 |     6 ||    15
Evoke: Deck              |     3 |     2 ||     5
  Use: Scroll            |       |     5 ||     5
       Potion            |       |     1 ||     1
 Stab: Sleeping          |    14 |    12 ||    26
       Distracted        |       |     2 ||     2
Armor: Robe              |     3 |    10 ||    13
Dodge: Dodged            |    19 |    69 ||    88
